AoeStats
← PATO BULLRICH

Arena

508365289Analyzed
3v3 RM · 10d ago on Sep 22, 2026· 42m 40s· 6 players
Game mode
Random Map
Map size
Normal (6 player)
Population
200
Speed
Normal
Resources
Standard
Victory
Conquest
Starting age
Dark Age
Ending age
Imperial Age
RankedLock teamsTeams togetherTeam positionsShared explorationLock speedFull tech treeHidden civsTurbo modeCheats
Victory
Defeat
🇦🇷 Koreans · Argentina
1128
+12
🇨🇴 Persians · Colombia
1126
+12
🇨🇱 Bohemians · Chile
980
+18
🇺🇸 Spanish · United States
1044
-14
🇺🇸 Bohemians · United States
1038
-14
🇺🇸 Romans · United States
1023
-14
ehh dont shout
11:02 Feudal Age
16:17 Castle Age
20:28 Double-Bit Axe
27:18 Redemption
30:03 Fletching
31:31 Horse Collar
36:59 Imperial Age
36:26 Wheelbarrow
40:24 Bow Saw
40:18 Loom
40:48 Hand Cart
40:18 Town Watch
ghost
10:52 Feudal Age
15:45 Castle Age
13:59 Double-Bit Axe
14:30 Horse Collar
14:45 Gold Mining
17:48 Bow Saw
17:41 Heavy Plow
18:56 Wheelbarrow
18:10 Loom
24:49 Gold Shaft Mining
24:05 Stone Mining
24:18 Stone Mining
27:47 Hand Cart
28:19 Bloodlines
28:10 Husbandry
28:07 Town Watch
31:18 Imperial Age
30:07 Forging
30:03 Scale Barding Armor
31:24 Iron Casting
30:52 Light Cavalry
32:22 Town Patrol
32:55 Crop Rotation
31:57 Cavalier
34:11 Chemistry
33:36 Ballistics
33:28 Fletching
34:17 Conscription
35:33 Chain Barding Armor
36:17 Conscription
35:29 Heavy Scorpion
36:40 Siege Engineers
40:23 Blast Furnace
39:59 Plate Barding Armor
41:28 Conscription
41:15 Ballistas
muffinman
12:33 Feudal Age
16:21 Castle Age
14:18 Double-Bit Axe
14:49 Horse Collar
16:10 Loom
17:33 Wheelbarrow
17:38 Bow Saw
17:54 Town Watch
21:28 Loom
22:28 Heavy Plow
23:41 Forging
25:16 Pikeman
30:00 Imperial Age
28:19 Scale Barding Armor
28:59 Bloodlines
28:50 Husbandry
28:40 Light Cavalry
31:18 Thumb Ring
30:37 Elite Skirmisher
33:17 Scale Mail Armor
33:52 Iron Casting
33:19 Padded Archer Armor
33:09 Fletching
34:29 Squires
34:47 Chain Mail Armor
34:59 Conscription
35:18 Halberdier
38:24 Hoardings
39:03 Chemistry
39:08 Murder Holes
39:26 Masonry
PATO BULLRICH
7:07 Loom
11:46 Feudal Age
16:02 Castle Age
14:44 Double-Bit Axe
19:59 Bow Saw
20:21 Fletching
20:22 Horse Collar
23:23 Heavy Plow
24:37 Stone Mining
24:55 Gold Mining
25:45 Bodkin Arrow
27:14 Wheelbarrow
26:25 Town Watch
27:45 Gold Shaft Mining
27:50 Stone Shaft Mining
28:39 Hand Cart
32:07 Ballistics
31:59 Masonry
34:49 Imperial Age
33:54 Treadmill Crane
34:54 Elite Fire Lancer
35:20 Gambesons
35:36 Squires
35:39 Bracer
35:40 Scale Mail Armor
36:17 Conscription
40:38 Chemistry
42:43 Architecture
41:38 Elite War Wagon
42:41 Chain Mail Armor
42:37 Forging
SomnolentDuke13
11:06 Feudal Age
15:21 Castle Age
13:42 Double-Bit Axe
14:14 Horse Collar
17:00 Bow Saw
24:05 Redemption
26:32 Sanctity
27:50 Wheelbarrow
29:57 Loom
33:32 Imperial Age
31:03 Town Watch
31:34 Hand Cart
31:47 Town Patrol
33:12 Chemistry
32:17 Treadmill Crane
32:58 Ballistics
35:49 Conscription
37:37 Siege Engineers
40:39 Houfnice
41:40 Wagenburg Tactics
41:04 Elite Hussite Wagon
LT | Aristóteles Gokú
6:39 Loom
11:38 Feudal Age
12:52 Double-Bit Axe
16:50 Castle Age
15:00 Loom
15:00 Horse Collar
15:15 Gold Mining
15:19 Stone Mining
15:46 Forging
17:12 Pikeman
23:18 Town Watch
26:56 Bloodlines
26:46 Husbandry
28:58 Heavy Plow
29:50 Bow Saw
30:29 Fletching
34:24 Imperial Age
32:20 Scale Barding Armor
34:22 Bodkin Arrow
35:03 Iron Casting
34:48 Chain Barding Armor
37:18 Chemistry
39:26 Blast Furnace
38:27 Scale Mail Armor
39:07 Capped Ram
40:03 Light Cavalry
41:30 Wheelbarrow
Connection lost

Rejoining the realm…

Still unreachable

The connection could not be restored.

Session expired

The server has moved on; the page needs a fresh start.